 Dungeon Crawl Stone Soup version 0.31-a0-640-g39d97e502b (webtiles) character file.

Game seed: 2019378692030485092

367 qw the Shooter (level 6, 0/38 HPs)
             Began as a Gargoyle Hunter on Aug 27, 2023.
             Slain by a gnoll
             ... wielding a +0 flail
              (9 damage)
             ... on level 4 of the Dungeon.
             The game lasted 00:01:24 (2803 turns).

qw the Shooter (Gargoyle Hunter)                    Turns: 2803, Time: 00:01:24

Health: 0/38       AC:  9    Str: 15    XL:     6   Next: 69%
Magic:  6/6        EV: 11    Int:  9    God:
Gold:   109        SH:  0    Dex: 15    Spells: 5/5 levels left

rFire   . . .        Y - +1 shortbow
rCold   . . .        (shield currently unavailable)
rNeg    + + .        b - +0 ring mail
rPois   inf          (no helmet)
rElec   +            (no cloak)
rCorr   .            (no gloves)
SInv    +            (no boots)
Will    .....        (no amulet)
Stlth   +            e - ring of see invisible
HPRegen 0.26/turn    f - ring of positive energy
MPRegen 0.10/turn

%: no passive effects
@: no status effects
A: sickness immunity, AC +4, negative energy resistance 1, electricity
resistance, torment resistance 1, petrification resistance
a: no special abilities


You were on level 4 of the Dungeon.
You visited 1 branch of the dungeon, and saw 4 of its levels.

You collected 109 gold pieces.


Innate Abilities, Weirdness & Mutations

You are immune to sickness and miasma.
Your stone body is resilient. (AC +4)
You are immune to poison.
You resist negative energy. (rN+)
You are resistant to electric shocks. (rElec)
You are resistant to unholy torment.
You are immune to petrification.


   Skills:
 - Level 4.0 Fighting
 + Level 7.0 Ranged Weapons
 - Level 1.0 Armour
 - Level 1.5 Dodging
 - Level 1.1 Stealth


You had 5 spell levels left.
You didn't know any spells.
Your spell library was empty.

Inventory:

Hand Weapons
 Y - a +1 shortbow (weapon)
Armour
 b - a +0 ring mail (worn)
 h - the +1 robe "Nypenli" {rN++}
   (You found it on level 2 of the Dungeon)

   rN++:      It greatly protects you from negative energy.
Jewellery
 e - a ring of see invisible (left hand)
 f - a ring of positive energy (right hand)
 j - an amulet of faith
Scrolls
 g - a scroll of identify
Potions
 a - a potion of enlightenment {unknown}
 c - a potion of cancellation
 d - a potion of heal wounds {unknown}
 i - a potion of might {unknown}
 k - a potion of curing {unknown}

Dungeon Overview and Level Annotations

Branches:
Dungeon (4/15)
 Temple: D:4-7

Altars:
Wu Jian


Message History

The ogre hits you with a +0 giant spiked club!
You shoot an arrow. The arrow hits the ogre.
The ogre is almost dead.
The ogre barely misses you.
You shoot an arrow. The arrow hits the ogre.
You kill the ogre!
A gnoll comes into view. It is wielding a +0 flail.
2793 ||| FLEEEEING.
2794 ||| FLEEEEING.
2795 ||| FLEEEEING.
You open the door. You shoot an arrow. The arrow hits the gnoll.
The gnoll is lightly wounded.
The gnoll barely misses you.
You shoot an arrow. The arrow hits the gnoll!
The gnoll is severely wounded.
You hear a shout!
The gnoll barely misses you.
You hear a shout!
You hear a bark!
You shoot an arrow. The arrow hits the gnoll.
The gnoll is almost dead.
The gnoll hits you with a +0 whip.
You shoot an arrow. The arrow closely misses the gnoll.
The gnoll barely misses you.
A gnoll comes into view. It is wielding a +0 whip.
The gnoll hits you with a +0 whip.
You shoot an arrow.
The arrow hits the gnoll but does no damage.
The gnoll is almost dead.
The gnoll misses you. The gnoll barely misses you.
You shoot an arrow.
The arrow hits the gnoll but does no damage.
The gnoll is almost dead.
The gnoll closely misses you. The gnoll hits you with a +0 flail.
You shoot an arrow. The arrow hits the gnoll.
You kill the gnoll!
The gnoll barely misses you.
Your Ranged Weapons skill increases to level 7!
You shoot an arrow. The arrow completely misses the gnoll.
The gnoll hits you with a +0 flail!
You die...

.......### .
........####.#.#
##.#.<#....#...+
####.....#[)....#
#........#.<....#
#........#......+
#...............#
.......>......#####
..............'@g.+
#.<.......#####.g=###
###.####...'.#.....).#
.[.......###.#+#...#'#
...>###.## ...#...#...
~~~~ ##..+ ...##'## ....
#~##..## ...#...# ....#
+..#.#####.#+#...#+#.###
###~...+...+.#.......#.g


You could see 2 gnolls.

Vanquished Creatures
  An ogre (D:4)
  A hound (D:3)
  A gnoll bouda (D:4)
  Jessica (D:3)
  7 gnolls
  4 adders
  A worm (D:3)
  3 dart slugs
  An orc (D:4)
  10 ball pythons
  9 bats
  5 endoplasms
  2 giant cockroaches
  7 goblins
  4 hobgoblins
  4 jackals
  6 quokkas
  2 frilled lizards
  10 kobolds
  12 rats
91 creatures vanquished.

Notes
Turn   | Place    | Note
-------+----------+-------------------------------------------
     0 | D:1      | qw the Gargoyle Hunter began the quest for the Orb.
     0 | D:1      | Reached XP level 1. HP: 12/12 MP: 1/1
     0 | D:1      | 0 ||| qw: Version: 0.3-a-74-g0d5e918
     0 | D:1      | 0 ||| qw: Game counter: 77
     0 | D:1      | 0 ||| qw: Melee chars always use a shield: true
     0 | D:1      | 0 ||| qw: God list: Okawaru
     0 | D:1      | 0 ||| qw: Allow faded altars: false
     0 | D:1      | 0 ||| qw: Do Orc after clearing Dungeon:15 true
     0 | D:1      | 0 ||| qw: Do second Lair branch before Depths: true
     0 | D:1      | 0 ||| qw: Lair rune preference: random
     0 | D:1      | 0 ||| qw: Goals: Normal
     0 | D:1      | 0 ||| PLANNING D:1-11
     6 | D:1      | 6 ||| DROPPING scroll of butterflies.
    22 | D:1      | 22 ||| UPGRADING to +0 ring mail.
    32 | D:1      | 32 ||| DROPPING +0 leather armour.
    80 | D:1      | Reached skill level 1 in Armour
   102 | D:1      | Reached XP level 2. HP: 15/17 MP: 2/2
   313 | D:1      | Reached XP level 3. HP: 21/21 MP: 3/3
   664 | D:1      | 664 ||| UPGRADING to ring of see invisible.
   665 | D:1      | 665 ||| UPGRADING to ring of positive energy.
   666 | D:1      | 666 ||| DROPPING ring of wizardry.
   667 | D:1      | 667 ||| READING scroll labelled HIQITA FEDUA.
   668 | D:1      | 668 ||| READING scroll labelled JANKYDA XYRGH.
   669 | D:1      | 669 ||| READING scroll labelled ZEYNNA DAMU.
   698 | D:2      | 698 ||| STAIRDANCE
   704 | D:1      | Reached skill level 5 in Ranged Weapons
   947 | D:2      | Reached XP level 4. HP: 27/27 MP: 4/4
   999 | D:2      | Reached skill level 3 in Fighting
  1032 | D:2      | Identified the +1 robe "Nypenli" {rN++}
  1148 | D:2      | Found an ornate altar of the Wu Jian Council.
  1669 | D:2      | 1669 ||| READING scroll labelled SUUGEU FASUMY.
  1670 | D:2      | 1670 ||| READING scroll labelled XEMEZA TEUTE.
  1749 | D:2      | 1749 ||| READING scroll labelled SOOTZOIXZU.
  1848 | D:3      | Noticed Jessica
  1861 | D:3      | Killed Jessica
  1886 | D:3      | 1886 ||| RETREATING.
  1890 | D:3      | 1890 ||| Stepping ~*~*~tactically~*~*~ (retreating).
  1892 | D:3      | Reached XP level 5. HP: 31/32 MP: 5/5
  1988 | D:3      | Found a faded altar of an unknown god.
  2143 | D:3      | Reached skill level 6 in Ranged Weapons
  2506 | D:3      | 2506 ||| DRINKING 2 green potions.
  2513 | D:4      | 2513 ||| STAIRDANCE
  2585 | D:4      | 2585 ||| STAIRDANCE
  2591 | D:4      | 2591 ||| STAIRDANCE
  2656 | D:4      | 2656 ||| STAIRDANCE
  2664 | D:3      | Reached XP level 6. HP: 37/38 MP: 6/6
  2684 | D:4      | 2684 ||| STAIRDANCE
  2790 | D:4      | HP: 9/38 [ogre/+0 giant spiked club (16)]
  2793 | D:4      | 2793 ||| FLEEEEING.
  2794 | D:4      | 2794 ||| FLEEEEING.
  2795 | D:4      | 2795 ||| FLEEEEING.
  2801 | D:4      | HP: 8/38 [gnoll/+0 flail (2)]
  2803 | D:4      | Reached skill level 7 in Ranged Weapons
  2803 | D:4      | Slain by a gnoll

Levels and vault maps discovered:
D:1:      minmay_arrival_stone_box, layout_basic
D:2:      layout_basic, basic_altar, serial_forest,
          infiniplex_forest_clump_small, infiniplex_forest_clump_double,
          infiniplex_forest_clump_double, infiniplex_forest_split,
          infiniplex_forest_clump_medium, infiniplex_forest_clump_small,
          infiniplex_forest_clump_double, grunt_ministairs_7, eino_curves_03
D:3:      layout_basic, hellmonk_ecumenical_altar_leap_of_faith, uniq_jessica
D:4:      nicolae_cairo_tiling_large, layout_rooms,
          eat_drink_and_be_merry_uskayaw, kennysheep_mini_moat

Skill      XL: |  1  2  3  4  5  6 |
---------------+-------------------+-----
Armour         | 1 |  1.0
Ranged Weapons | 5 6 7 |  7.0
Fighting       | 3 4 |  4.0
Dodging        | |  1.5
Stealth        | |  1.1

Action                     |  1- 3 |  4- 6 || total
---------------------------+-------+-------++-------
   Fire: Shortbow          |   143 |   188 ||   331
    Use: Scroll            |     3 |     3 ||     6
         Potion            |       |     1 ||     1
 Armour: Ring mail         |    57 |    48 ||   105
  Dodge: Dodged            |    44 |    75 ||   119

Table legend:
 A = Non-vault XP
 B = Vault XP
 C = Vault XP percentage of total XP
 D = Non-vault monster count
 E = Vault monster count
 F = Vault count percentage of total count
                 A         B        C        D         E       F
            +---------+---------+-------+---------+---------+-------
      Total |     473 |      52 |   9.9 |      88 |       3 |   3.3
            +---------+---------+-------+---------+---------+-------
        D:1 |      49 |      13 |  21.0 |      28 |       1 |   3.4
        D:2 |      51 |       2 |   3.8 |      23 |       1 |   4.2
        D:3 |     193 |      37 |  16.1 |      32 |       1 |   3.0
        D:4 |     180 |       0 |   0.0 |       5 |       0 |   0.0
            +---------+---------+-------+---------+---------+-------
